 Dungeon Crawl Stone Soup version 0.26-a0-651-gb41185065b (webtiles) character file.

Game seed: 16525005559629243982

295257 Flugslaktarn the Severer (level 19, -17/193 HPs)
             Began as a Deep Dwarf Fighter on Oct 12, 2020.
             Was the Champion of Makhleb.
             Demolished by an Orb Guardian (32 damage)
             ... on level 5 of the Realm of Zot.
             The game lasted 00:19:09 (18606 turns).

Flugslaktarn the Severer (Deep Dwarf Fighter)      Turns: 18606, Time: 00:19:09

Health: -17/193    AC: 34    Str: 19 (20) XL:     19   Next: 62%
Magic:  1/1        EV:  7    Int: 12      God:    Makhleb [******]
Gold:   2894       SH: 15    Dex: 17 (18) Spells: 18/18 levels left

rFire    + . .     SeeInvis .   a - +9 broad axe (flame)
rCold    + + .     Faith    +   E - +0 kite shield
rNeg     + . .     Spirit   .   y - +4 gold dragon scales
rPois    +         Reflect  .   N - +2 helmet {Int+3}
rElec    .         Harm     .   O - +2 cloak
rCorr    .         Rampage  .   G - +2 pair of gloves
MR       ++...                  k - +2 pair of boots
Stlth    ..........             u - amulet of faith
HPRegen  0.00/turn              c - ring of protection from cold
MPRegen  0.07/turn              (no ring)

@: corroded, non-regenerating
A: damage resistance, heal wounds, deterioration 1, dopey 1, negative energy
resistance 1, sense surroundings 3, no regeneration
}: 3/15 runes: decaying, abyssal, gossamer
a: Heal Wounds, Minor Destruction, Lesser Servant of Makhleb, Major Destruction,
Greater Servant of Makhleb, Renounce Religion


You were on level 5 of the Realm of Zot.
You worshipped Makhleb.
Makhleb was exalted by your worship.
You visited 6 branches of the dungeon, and saw 36 of its levels.
You visited the Abyss 1 time.
You visited 1 bazaar.
You also visited: Ossuary.

You collected 3771 gold pieces.
You spent 877 gold pieces at shops.

Inventory:

Hand Weapons
 a - a +9 broad axe of flaming (weapon)
   (You took it off a vault guard on level 13 of the Dungeon)
 b - a +0 dagger of distortion
   (You took it off an orc on level 10 of the Dungeon)
Missiles
 j - a throwing net (quivered)
Armour
 k - a +2 pair of boots (worn)
   (You found it on level 2 of the Dungeon)
 y - +4 gold dragon scales (worn)
   (You found it on level 1 of the Realm of Zot)
 B - +3 storm dragon scales {Bai Suzhen}
   (You found it on level 3 of the Spider Nest)
 E - a +0 kite shield (worn)
 G - a +2 pair of gloves (worn)
   (You found it on level 15 of the Dungeon)
 N - a +2 helmet of intelligence (worn)
   (You bought it in a shop on level 9 of the Dungeon)
 O - a +2 cloak (worn)
   (You bought it in a shop on level 9 of the Dungeon)
Jewellery
 c - a ring of protection from cold (left hand)
   (You found it on level 7 of the Dungeon)
 i - a cursed amulet of inaccuracy {unknown}
   (You found it on level 1 of the Depths)
 u - an amulet of faith (around neck)
   (You found it on level 5 of the Dungeon)
Wands
 g - a wand of digging (10)
   (You found it on level 3 of the Dungeon)
 J - a wand of iceblast (40)
   (You found it on level 7 of the Dungeon)
 M - a wand of enslavement (8)
   (You found it on level 11 of the Dungeon)
Scrolls
 e - a scroll of silence
 l - a scroll of magic mapping
 m - 4 scrolls of immolation
 r - 7 scrolls of identify
 t - 4 scrolls of teleportation
 v - 3 scrolls of holy word
 x - 8 scrolls of remove curse
 C - a scroll of summoning
 H - 3 scrolls of fog
 Q - 4 scrolls of fear
Potions
 d - 4 potions of might
 h - a potion of haste
 o - 2 potions of flight
 p - a potion of cancellation
 q - 9 potions of curing
 s - 4 potions of magic
 w - 3 potions of heal wounds
 A - a potion of mutation
 F - 4 potions of lignification
 I - 14 potions of ambrosia


   Skills:
 * Level 17.1 Fighting
 - Level 18.0 Axes
 + Level 14.8 Armour
 - Level 8.0 Dodging
 * Level 17.1 Shields
 - Level 15.0 Invocations
 - Level 10.0 Evocations


You had 18 spell levels left.
You didn't know any spells.
Your spell library was empty.

Dungeon Overview and Level Annotations

Branches:
Dungeon (15/15)            Temple (0/1) D:7            Lair (3/6) D:10
  Swamp (4/4) Lair:3       Spider (4/4) Lair:3          Orc (0/2) D:11
 Vaults (0/5) D:13         Depths (5/5) D:15            Zot (5/5) Depths:5
Ossuary (visited)

Altars:
Ashenzari
Cheibriados
Dithmenos
Gozag
Hepliaklqana
Makhleb
Qazlal
Uskayaw
Vehumet
Wu Jian
Xom
Yredelemnul
The Shining One

Shops:
D:9 [[   D:11 *[   D:12 ?

Portals:
Hell: Depths:2
Pandemonium: Depths:2

Annotations:
D:11 3 runed translucent doors, Zitorizoch's ghost, journeyman DrCj
D:15 Roxanne
Swamp:2 Kirke
Spider:2 1 runed translucent door
Zot:4 3 runed translucent doors
Zot:5 exclusion: obsidian statue


Innate Abilities, Weirdness & Mutations

You are resistant to damage.
You can heal yourself by infusing magical energy.
You resist negative energy. (rN+)
You passively map a large area around you.
You do not regenerate.
Your body sometimes deteriorates upon taking damage.
You are dopey. (Int -2)


Message History

The quicksilver dragon bites you but does no damage.
The quicksilver dragon claws you but does no damage.
The storm dragon bites you!
* * * LOW HITPOINT WARNING * * *
The storm dragon barely misses you.
The storm dragon tramples you but does no damage.
The green draconian enters a dispersal trap!
The yellow draconian blinks!
The Orb Guardian blinks!
The red draconian blinks!
The storm dragon blinks!
The Orb Guardian blinks!
The quicksilver dragon blinks!
The tentacled monstrosity blinks!
The yellow draconian blinks!
The quicksilver dragon blinks!
You blink.
The green draconian blinks!
The moth of wrath moves out of view.
The Orb Guardian hits you!
* * * LOW HITPOINT WARNING * * *
Unknown command.
The moth of wrath fails to trigger a net trap.
Unknown command.
The Orb Guardian hits you but does no damage.
The Orb Guardian hits you!!
You die...

,,,,^,,,,,,,,,,,,,,,,,,**,,,,,,,,
,^,,,,,,,,,,,,,,,,,,,,,***,,,,,^,
,,,,,,,,,,,,,,,,,,,,,,,* ********
,,,,,,,,,,,,,,,,,,,,,,**
*,,,,,,,,,,^,,,,,,,,***
**,,,,.,,,,,,,,,,****
**,,,.8##▓▓▓▓▓▓▓▓▓▓▓#
**,,,,^..........^^d.#**
*^,,,,.^.......X@##,,,,**
,,,,,,...^...D..X.##*,,,*********
,,,,,,...^y.....X..#**,,,,,,,,,,,
,,,,,,y...X..D..d.d# **,,,,,,,,,,
,,,,,,....d........# *,,,,,,,,,,
,,,,,,.....^.....^D# **,,,,,,,,,
,,,,,,............d# *,,,,,,,,,
,,,,,,............d# **,,,,,,,,,
,,,,,,............## *,,,,,,,,,,


You could see 2 tentacled monstrosities, 2 storm dragons, a black draconian
(fleeing), a yellow draconian, 2 draconians, 2 draconians, a quicksilver dragon,
2 Orb Guardians and a moth of wrath.

Vanquished Creatures
  An orb of fire (Zot:1)
  Bai Suzhen (Spider:3)
  A golden dragon (Zot:1)
  Arachne (Spider:4)
  4 tentacled monstrosities
  Frances (Swamp:2)
  A death cob (Zot:3)
  A quicksilver dragon (Zot:4)
  2 tentacled starspawn (Abyss:3)
  3 thorn hunters
  A shadow dragon (Zot:3)
  A tengu reaver (Depths:5)
  A storm dragon (Depths:5)
  5 draconian monks
  2 fire giants
  Aizul (Spider:2)
  A frost giant (Depths:5)
  A draconian scorcher (Depths:5)
  A ghost moth (Spider:4)
  8 emperor scorpions
  3 draconian stormcallers
  3 draconian annihilators
  A balrug (Depths:2)
  A draconian shifter (Zot:1)
  An angel (Abyss:3)
  5 very ugly things
  An entropy weaver (Spider:4)
  2 stone giants
  A vampire knight (Depths:5)
  4 green draconians
  2 spark wasps (Spider:4)
  3 red draconians
  A yellow draconian (Depths:5)
  4 purple draconians
  4 ettins
  A white draconian (Depths:5)
  A blizzard demon (Depths:2)
  A merfolk javelineer (Abyss:3)
  4 fire dragons
  A merfolk impaler (Depths:2)
  3 yaktaur captains
  5 ogre magi
  3 vault guards (D:13)
  3 great orbs of eyes
  A naga warrior (Abyss:3)
  2 shambling mangroves (Swamp:3)
  4 ice dragons
  11 hydras
  3 rakshasas
  A spriggan air mage (Depths:3)
  3 centaur warriors
  2 satyrs (Abyss:3)
  5 deep troll shamans
  5 alligators
  5 tengu warriors
  A queen ant (Lair:3)
  5 deep troll earth magi
  22 two-headed ogres
  4 spriggan berserkers
  4 thrashing horrors (Abyss:3)
  3 death yaks (Lair:3)
  A soul eater (Depths:2)
  4 sun demons
  2 wretched stars (Abyss:3)
  3 spatial maelstroms (Abyss:3)
  A sixfirhy (Abyss:3)
  A titan skeleton (Abyss:3)
  3 hell knights (Depths:3)
  An iron troll (D:15)
  A glowing orange brain (Depths:1)
  2 infernal demonspawn (Depths:2)
  4 swamp dragons
  A flayed ghost (Depths:1)
  A deep elf archer (D:15)
  2 unseen horrors
  16 deep trolls
  A shadow demon (Depths:1)
  22 wolf spiders
  A wolf spider zombie (D:15)
  2 phantasmal warriors (Depths:5)
  An orc knight (D:15)
  Pikel (D:4)
  4 necromancers
  21 ugly things
  13 orb spiders
  A salamander (shapeshifter) (Depths:1)
  2 cyclopes
  2 manticores (D:15)
  10 moths of wrath
  2 apocalypse crabs (Abyss:3)
  A worldbinder (Abyss:3)
  3 black mambas
  3 gargoyles
  A dire elephant skeleton (Abyss:3)
  A smoke demon (Abyss:3)
  A frost giant skeleton (Abyss:3)
  A torpor snail (Spider:1)
  A guardian serpent (Abyss:3)
  Maggie (D:6)
  2 kobold demonologists
  10 cane toads
  A rime drake (Lair:3)
  16 yaktaurs
  2 freezing wraiths
  7 komodo dragons
  3 ancient zymes (Abyss:3)
  An efreet (Abyss:3)
  8 demonic crawlers
  A red devil (Depths:2)
  A troll (shapeshifter) (Depths:1)
  4 trolls
  A meliai (shapeshifter) (Depths:1)
  35 jumping spiders
  3 meliai (D:14)
  A queen bee (Lair:2)
  9 hornets
  6 tyrant leeches
  A blink frog (shapeshifter) (D:15)
  3 slime creatures (Depths:1)
  9 raiju (Abyss:3)
  A dream sheep (shapeshifter) (Depths:1)
  11 blink frogs
  9 bog bodies
  6 hippogriffs
  A meliai zombie (D:10)
  54 redbacks
  An ettin skeleton (Abyss:3)
  9 tarantellas
  3 shadows
  4 wraiths
  A human (D:11)
  9 yaks
  A ynoxinul (Abyss:3)
  A hog (shapeshifter) (D:13)
  3 hogs (Swamp:2)
  4 large abominations (Abyss:3)
  9 vampire mosquitoes
  3 basilisks
  2 spatial vortices (Abyss:3)
  A neqoxec (Abyss:3)
  A naga (Abyss:3)
  8 soldier ants
  2 acid dragons
  7 insubstantial wisps
  9 swamp worms
  9 water moccasins
  6 porcupines
  2 ice beasts
  8 swamp drakes
  2 hornet zombies
  8 orc warriors
  3 black bears
  2 necrophages
  2 eyes of draining
  20 ogres
  5 wolves (Lair:2)
  9 centaurs
  2 phantoms
  5 small abominations (Abyss:3)
  A lemure (D:4)
  9 crocodiles
  A wyvern zombie (D:13)
  13 bullfrogs
  A water moccasin zombie (D:6)
  4 earth elementals (Abyss:3)
  2 wyvern skeletons
  12 scorpions
  27 killer bees
  10 wights
  A vampire bat (Lair:3)
  2 howler monkeys
  4 crimson imps
  A quasit (D:8)
  12 starcursed masses (Abyss:3)
  4 centaur zombies
  A human zombie (Ossuary)
  A bullfrog zombie (D:12)
  A jelly (D:7)
  5 orc priests
  5 hounds
  2 centaur skeletons
  2 gnoll shamans
  12 orc wizards
  2 iron imps
  A bullfrog skeleton (D:8)
  2 iguanas (D:13)
  33 worker ants
  A big kobold zombie (Ossuary)
  3 mummies (Ossuary)
  2 worker ant zombies
  2 howler monkey zombies (D:9)
  2 howler monkey skeletons
  19 gnolls
  4 scorpion zombies (Ossuary)
  8 adders
  3 shadow imps
  5 white imps
  4 ufetubi
  3 adder skeletons
  2 worms
  A dart slug (D:3)
  3 leopard geckos
  68 orcs
  13 bats
  3 giant cockroaches
  3 gnoll zombies
  3 goblins
  2 hobgoblins
  6 jackals
  A kobold (D:3)
  2 quokkas
  2 frilled lizards
  3 hobgoblin zombies (Ossuary)
  A jackal skeleton (D:4)
  3 kobold zombies (Ossuary)
  An orc zombie (Ossuary)
  2 quokka skeletons
  4 rats
  A rat zombie (D:4)
  3 starspawn tentacles (Abyss:3)
1037 creatures vanquished.

Vanquished Creatures (collateral kills)
  A profane servitor (Abyss:3)
  2 thorn hunters (Swamp:4)
  2 ghost moths (Spider:4)
  2 emperor scorpions
  A shambling mangrove (Swamp:4)
  A vault guard (D:13)
  A ghost crab (Swamp:4)
  2 hydras (Swamp:4)
  An alligator (Swamp:4)
  3 two-headed ogres
  Urug (D:12)
  3 skeletal warriors (D:11)
  2 swamp dragons (Swamp:4)
  6 orb spiders
  An ugly thing (D:11)
  2 wolf spiders (Spider:4)
  An efreet (Abyss:3)
  A tyrant leech (Swamp:4)
  6 jumping spiders
  2 hornets (Swamp:4)
  A bog body (Swamp:4)
  6 redbacks (Spider:4)
  A shadow (D:9)
  2 tarantellas
  2 insubstantial wisps (Swamp:4)
  2 orc warriors (D:11)
  2 swamp drakes (Swamp:4)
  An ogre (D:8)
  A centaur (D:11)
  A bullfrog (D:12)
  2 killer bees (D:9)
  A hound (D:11)
  3 orc priests
  4 orc wizards
  An adder (D:12)
  A leopard gecko (D:8)
  7 orcs
79 creatures vanquished.

Vanquished Creatures (others)
  A draconian knight (Zot:3)
  An entropy weaver (Spider:3)
  A purple draconian (Depths:5)
  A lorocyproca (Depths:1)
  An ogre mage (Depths:1)
  A wretched star (Abyss:3)
  A guardian serpent (Abyss:3)
  A smoke demon (Abyss:3)
  2 jumping spiders
  A yak (Lair:2)
  A large abomination (Abyss:3)
  A small abomination (Abyss:3)
  A worker ant (Lair:3)
  2 briar patches (Swamp:4)
  7 demonic plants (Abyss:3)
  13 fungi
  A lurking horror (Abyss:3)
  16 plants
  7 starspawn tentacles (Abyss:3)
60 creatures vanquished.

Grand Total: 1176 creatures vanquished

Notes
Turn   | Place    | Note
-------+----------+-------------------------------------------
     0 | D:1      | Flugslaktarn the Deep Dwarf Fighter began the quest for the
                  | Orb.
     0 | D:1      | Reached XP level 1. HP: 20/20 MP: 1/1
   168 | D:2      | Reached XP level 2. HP: 27/27 MP: 2/2
   183 | D:2      | Reached XP level 3. HP: 20/34 MP: 3/3
   195 | D:2      | Reached skill level 3 in Axes
   449 | D:3      | Reached XP level 4. HP: 34/42 MP: 4/4
   627 | D:4      | Reached XP level 5. HP: 47/50 MP: 5/5
   650 | D:4      | Noticed a lemure
   650 | D:4      | Noticed a lemure
   651 | D:4      | Noticed Pikel
   652 | D:4      | Noticed a lemure
   654 | D:4      | Noticed a lemure
   655 | D:4      | Reached skill level 4 in Axes
   660 | D:4      | Killed a lemure
   687 | D:4      | Killed Pikel
   687 | D:4      | Reached skill level 5 in Axes
   687 | D:4      | Reached XP level 6. HP: 28/60 MP: 6/6
   687 | D:4      | Reached XP level 7. HP: 31/66 MP: 7/7
   714 | D:4      | Found an opulent altar of Gozag.
   731 | D:4      | Found a basalt altar of Yredelemnul.
   732 | D:4      | Found a stormy altar of Qazlal.
   732 | D:4      | Found a snail-covered altar of Cheibriados.
   737 | D:4      | Reached skill level 5 in Fighting
   751 | D:4      | Found a burning altar of Makhleb.
   805 | D:4      | Became a worshipper of Makhleb the Destroyer
   835 | D:4      | Found a sand-covered staircase.
   844 | Ossuary  | Entered an ossuary
   879 | Ossuary  | Reached skill level 5 in Armour
   887 | Ossuary  | Reached skill level 1 in Evocations
   891 | Ossuary  | Reached skill level 1 in Invocations
   944 | Ossuary  | Reached skill level 1 in Dodging
   984 | Ossuary  | Reached skill level 6 in Axes
  1003 | Ossuary  | Reached XP level 8. HP: 62/75 MP: 6/8
  1003 | Ossuary  | Reached * piety under Makhleb
  1594 | D:5      | Entered Level 5 of the Dungeon
  1796 | D:5      | Reached ** piety under Makhleb
  1948 | D:5      | Reached skill level 7 in Axes
  2167 | D:5      | Found a shimmering altar of Xom.
  2169 | D:5      | Found a radiant altar of Vehumet.
  2367 | D:5      | Found a glowing golden altar of the Shining One.
  2609 | D:6      | Gained mutation: You passively map the area around you.
                  | [Deep Dwarf growth]
  2609 | D:6      | Reached XP level 9. HP: 72/85 MP: 8/8
  2633 | D:6      | Noticed Maggie
  2651 | D:6      | Killed Maggie
  2749 | D:6      | Found a hazy altar of Hepliaklqana.
  3236 | D:6      | Reached skill level 8 in Axes
  3364 | D:7      | Reached *** piety under Makhleb
  3483 | D:7      | Reached skill level 5 in Evocations
  3508 | D:7      | Got a transparent tower shield
  3519 | D:7      | Identified the +4 tower shield "Jiqon" {Harm rN+ Int-2}
                  | (You found it on level 7 of the Dungeon)
  3615 | D:7      | Found a broken altar of Ashenzari.
  3643 | D:7      | Found a staircase to the Ecumenical Temple.
  3657 | D:7      | Reached skill level 5 in Invocations
  3701 | D:7      | Reached XP level 10. HP: 91/94 MP: 9/9
  3953 | D:8      | Noticed a two-headed ogre
  3967 | D:8      | Killed a two-headed ogre
  3991 | D:8      | Noticed a two-headed ogre
  3996 | D:8      | Killed a two-headed ogre
  3996 | D:8      | Reached skill level 9 in Axes
  4226 | D:8      | Found an ornate altar of the Wu Jian Council.
  4286 | D:8      | Reached skill level 5 in Dodging
  4328 | D:8      | Noticed a two-headed ogre
  4329 | D:8      | Noticed a two-headed ogre
  4336 | D:8      | Killed a two-headed ogre
  4348 | D:8      | Killed a two-headed ogre
  4685 | D:9      | Noticed a two-headed ogre
  4699 | D:9      | Killed a two-headed ogre
  4701 | D:9      | Reached skill level 10 in Axes
  4702 | D:9      | Reached XP level 11. HP: 64/104 MP: 0/9
  4790 | D:9      | Reached **** piety under Makhleb
  4917 | D:9      | Found a shadowy altar of Dithmenos.
  4937 | D:9      | Found Quthrem's Armour Shoppe.
  5076 | D:9      | Found Wousopacs's Armour Shoppe.
  5145 | D:9      | Found a hide-covered altar of Uskayaw.
  5283 | D:10     | Entered Level 10 of the Dungeon
  5321 | D:10     | Noticed a centaur warrior
  5336 | D:10     | Killed a centaur warrior
  5461 | D:10     | Identified the +5 hand axe "Roceit" {venom, *Rage rPois
                  | Dex+4}
  5484 | D:10     | Got a bloodstained hand axe
  5485 | D:10     | Identified the +2 hand axe of Floods {vorpal, Stlth+} (You
                  | found it on level 10 of the Dungeon)
  5748 | D:10     | Reached ***** piety under Makhleb
  5893 | D:10     | Found a staircase to the Lair.
  6180 | D:11     | Noticed a red ugly thing
  6192 | D:11     | Killed a brown ugly thing
  6215 | D:11     | Found a staircase to the Orcish Mines.
  6315 | D:11     | Found Xiny's Armour Boutique.
  6333 | D:11     | Noticed a white ugly thing
  6349 | D:11     | Killed a white ugly thing
  6500 | D:11     | Noticed a skeletal warrior
  6502 | D:11     | Noticed a skeletal warrior
  6502 | D:11     | Noticed a skeletal warrior
  6523 | D:11     | Killed a skeletal warrior
  6523 | D:11     | Reached skill level 11 in Axes
  6528 | D:11     | Killed a skeletal warrior
  6537 | D:11     | Killed a skeletal warrior
  6650 | D:11     | Found a runed translucent gate.
  6650 | D:11     | Found a runed translucent gate.
  6650 | D:11     | Found a runed translucent gate.
  6650 | D:11     | Found an opulent altar of Gozag.
  6650 | D:11     | Noticed Zitorizoch's ghost (journeyman DrCj)
  6667 | D:11     | Found Veckany's Assorted Antiques.
  6860 | D:12     | Found Luiz's Magic Scroll Emporium.
  6887 | D:12     | Noticed Urug
  6909 | D:12     | Killed Urug
  6951 | D:12     | Noticed a two-headed ogre
  6957 | D:12     | Killed a two-headed ogre
  7019 | D:12     | Reached XP level 12. HP: 96/116 MP: 8/8
  7729 | D:9      | Bought a +1 helmet of intelligence for 231 gold pieces
  7759 | D:9      | Bought a +2 cloak for 214 gold pieces
  8098 | D:13     | Found a gate to the Vaults.
  8098 | D:13     | Noticed a two-headed ogre
  8098 | D:13     | Noticed a vault guard
  8098 | D:13     | Noticed a four-headed hydra
  8098 | D:13     | Noticed a vault guard
  8098 | D:13     | Noticed a vault guard
  8098 | D:13     | Noticed a vault guard
  8119 | D:13     | Killed a vault guard
  8119 | D:13     | Reached skill level 10 in Fighting
  8121 | D:13     | Killed a five-headed hydra
  8128 | D:13     | Killed a vault guard
  8145 | D:13     | Killed a vault guard
  8150 | D:13     | Killed a vault guard
  8159 | D:13     | Killed a two-headed ogre
  8670 | D:12     | Bought a scroll of brand weapon for 320 gold pieces
  8746 | D:14     | Reached skill level 12 in Axes
  8792 | D:14     | Reached ****** piety under Makhleb
  8841 | D:14     | Noticed a two-headed ogre
  8841 | D:14     | Noticed a two-headed ogre
  8842 | D:14     | Noticed a two-headed ogre
  8842 | D:14     | Noticed an ogre mage
  8843 | D:14     | Noticed a two-headed ogre
  8843 | D:14     | Noticed a two-headed ogre
  8846 | D:14     | Noticed a centaur warrior
  8848 | D:14     | Killed a two-headed ogre
  8849 | D:14     | Killed a two-headed ogre
  8852 | D:14     | Killed a two-headed ogre
  8855 | D:14     | Killed a two-headed ogre
  8855 | D:14     | Killed a two-headed ogre
  8871 | D:14     | Killed a centaur warrior
  8871 | D:14     | Reached XP level 13. HP: 112/126 MP: 10/10
  8925 | D:14     | Reached skill level 5 in Shields
  8990 | D:14     | Found a flickering gateway to a bazaar.
  9071 | Bazaar   | Entered a bazaar
  9071 | Bazaar   | Found Qause's Antique Weapon Boutique.
  9124 | Bazaar   | Found Henn's Magic Scroll Shoppe.
  9144 | Bazaar   | Found Juadoh's Gadget Boutique.
  9155 | Bazaar   | Found Heheamo's General Store.
  9163 | Bazaar   | Found Mabruke's Antique Armour Emporium.
  9193 | Bazaar   | Bought a scroll of enchant weapon for 112 gold pieces
  9496 | D:14     | Reached skill level 10 in Evocations
  9848 | D:15     | Entered Level 15 of the Dungeon
  9853 | D:15     | Identified Roxanne's Grimoire of Changing
  9853 | D:15     | Noticed Roxanne
  9872 | D:15     | Reached skill level 13 in Axes
  9886 | D:15     | Noticed a red very ugly thing
  9909 | D:15     | Reached skill level 10 in Armour
  9909 | D:15     | Reached skill level 10 in Invocations
  9922 | D:15     | Killed a red very ugly thing
 10039 | D:15     | Noticed a fire dragon
 10066 | D:15     | Killed a fire dragon
 10098 | D:15     | Gained mutation: You resist negative energy. (rN+) [Deep
                  | Dwarf growth]
 10098 | D:15     | Reached XP level 14. HP: 95/136 MP: 9/9
 10165 | D:15     | Found a staircase to the Depths.
 10997 | Lair:1   | Entered Level 1 of the Lair of Beasts
 11033 | Lair:1   | You fall into a shaft and drop 1 floor!
 11578 | Lair:2   | Reached skill level 14 in Axes
 12258 | Lair:3   | Found a hole to the Spider Nest.
 12461 | Lair:3   | Found a staircase to the Swamp.
 12785 | Lair:3   | Identified a scroll of acquirement
 12791 | Lair:3   | Acquired 1184 gold pieces
 12809 | Swamp:1  | Entered Level 1 of the Swamp
 12887 | Swamp:1  | Acquired 684 gold pieces
 12939 | Swamp:2  | Noticed Frances
 12956 | Swamp:2  | Killed Frances
 12999 | Swamp:2  | Noticed Kirke
 13359 | Swamp:2  | Reached XP level 15. HP: 101/146 MP: 10/10
 13406 | Swamp:4  | Entered Level 4 of the Swamp
 13406 | Swamp:4  | Noticed a thorn hunter
 13435 | Swamp:4  | Killed a thorn hunter
 13435 | Swamp:4  | Reached skill level 10 in Shields
 13530 | Swamp:4  | Noticed a thorn hunter
 13550 | Swamp:4  | Killed a thorn hunter
 13643 | Swamp:4  | Reached skill level 15 in Axes
 13675 | Swamp:4  | Noticed a thorn hunter
 13682 | Swamp:4  | Killed a thorn hunter
 13732 | Swamp:4  | Noticed a thorn hunter
 13750 | Swamp:4  | Killed a thorn hunter
 13796 | Swamp:4  | Got a decaying rune of Zot
 13987 | Spider:1 | Entered Level 1 of the Spider Nest
 14411 | Spider:3 | Noticed Bai Suzhen
 14444 | Spider:3 | Killed Bai Suzhen
 14460 | Spider:2 | Noticed Aizul
 14530 | Spider:2 | Found a runed translucent door.
 14551 | Spider:2 | Reached XP level 16. HP: 120/158 MP: 7/7
 14576 | Spider:2 | Killed Aizul
 14895 | Spider:3 | Reached skill level 16 in Axes
 14979 | Spider:4 | Entered Level 4 of the Spider Nest
 15074 | Spider:4 | Noticed Arachne
 15094 | Spider:4 | Killed Arachne
 15387 | Spider:4 | Got a gossamer rune of Zot
 15816 | Lair:1   | Reached XP level 17. HP: 168/168 MP: 6/6
 16017 | Depths:1 | Entered Level 1 of the Depths
 16024 | D:15     | Gained mutation: Your body sometimes deteriorates upon
                  | taking damage. [mutagenic glow]
 16098 | D:15     | Cast into level 3 of the Abyss (unwielding a weapon of
                  | distortion)
 16115 | Abyss:3  | Found a corrupted altar of Lugonu.
 16367 | Abyss:3  | Reached skill level 17 in Axes
 16464 | Abyss:3  | Paralysed by accursed screaming for 1 turns
 16485 | Abyss:3  | Found a transporter.
 16620 | Abyss:3  | Noticed a profane servitor
 16635 | Abyss:3  | Paralysed by accursed screaming for 1 turns
 16640 | Abyss:3  | Paralysed by accursed screaming for 1 turns
 16641 | Abyss:3  | Killed a profane servitor
 16661 | Abyss:3  | Paralysed by accursed screaming for 1 turns
 16672 | Abyss:3  | Reached skill level 15 in Fighting
 16678 | Abyss:3  | Got an abyssal rune of Zot
 16684 | Abyss:3  | Paralysed by you for 6 turns
 16705 | D:15     | Escaped the Abyss
 16823 | Depths:1 | Got a pair of faintly glowing gloves
 16824 | Depths:1 | Identified the cursed -4 pair of gloves of Gihesh {rC+
                  | Dex+3} (You found it on level 1 of the Depths)
 17025 | Depths:1 | Gained mutation: You passively map a large area around you.
                  | [Deep Dwarf growth]
 17025 | Depths:1 | Reached XP level 18. HP: 133/178 MP: 4/4
 17153 | Depths:2 | Found a gateway to Hell.
 17268 | Depths:2 | Reached skill level 18 in Axes
 17437 | Depths:2 | Reached skill level 15 in Shields
 17510 | Depths:2 | Found a one-way gate leading to the halls of Pandemonium.
 17614 | Depths:3 | Reached skill level 15 in Invocations
 17659 | Depths:5 | Entered Level 5 of the Depths
 17936 | Depths:5 | Found a gate to the Realm of Zot.
 17962 | Zot:1    | Entered Level 1 of the Realm of Zot
 17974 | Zot:1    | Noticed a tentacled monstrosity
 17990 | Zot:1    | Noticed a golden dragon
 17995 | Zot:1    | Killed a tentacled monstrosity
 17995 | Zot:1    | Reached XP level 19. HP: 128/189 MP: 2/2
 18006 | Zot:1    | Killed a golden dragon
 18056 | Zot:1    | Noticed an orb of fire
 18106 | Zot:1    | Gained mutation: You are dopey. (Int -2) [an orb of fire]
 18110 | Zot:1    | Killed an orb of fire
 18286 | Zot:4    | Noticed a curse toe
 18293 | Zot:4    | Noticed a golden dragon
 18393 | Zot:4    | Found a runed translucent gate.
 18393 | Zot:4    | Found a runed translucent gate.
 18393 | Zot:4    | Found a runed translucent gate.
 18576 | Zot:5    | Entered Level 5 of the Realm of Zot
 18606 | Zot:5    | Demolished by an Orb Guardian

Illustrated notes

Levels and vault maps discovered:
D:1:      dpeg_arrival_simpleton_a, layout_basic, minmay_box_of_dots
D:2:      layout_loops_corners, uniq_natasha
D:3:      layout_loops_ring, minmay_joined_circles
D:4:      layout_basic, kennysheep_mini_moat, old_standard_altar,
          chequers_temple_overflow_statue_of_worship, enter_ossuary_3,
          uniq_pikel
D:5:      layout_basic, kennysheep_little_box, minitemple
D:6:      layout_gridville, lemuel_coloured_pillars_altar, uniq_maggie
D:7:      layout_cave_pools, lemuel_round_altar, minmay_temple_entry_statues
D:8:      minmay_razor_zed, layout_gridville, kennysheep_mini
D:9:      layout_rooms, eat_drink_and_be_merry_uskayaw,
          nicolae_dithmenos_through_a_glass_darkly, serial_shops, shop_statue,
          shop
D:10:     layout_roguey [special_room_orc], lair_entry_dummy, dk_vineyard_3,
          evilmike_butchery
D:11:     layout_cave_pools, erik_orc_4, ebering_ghost_gozag, serial_shops,
          nicolae_shop_stone
D:12:     layout_layer_cave, serial_shops, nicolae_shop_trees,
          serial_park_tiny_1, uniq_urug
D:13:     layout_roguey, lightli_vaults_fourway_checkpoint
D:14:     layout_stronghold, glass_columns_a, serial_shops, bzr_entry_road,
          minmay_microvault
D:15:     hangedman_depths_entry_civil_slaughter, layout_long_grid,
          nicolae_sextant, uniq_roxanne
Lair:1:   layout_concentric_octagons, minmay_hedge_maze, grunt_megastairs_2
Lair:2:   layout_roguey, special_room [special_room_bee], lemuel_old_faithful
Lair:3:   layout_layer_cave, swamp_mist_pool, dummy_spider_entry,
          roderic_batcave, zaba_antful_of_joy
Swamp:1:  layout_basic_swamp, evilmike_swamp_ruin_house_2
Swamp:2:  layout_basic_swamp, evilmike_swamp_ruin_house_1, hangedman_swamp_cone,
          swamp_pool4, uniq_kirke, uniq_frances, uniq_louise
Swamp:3:  layout_basic_swamp, nicolae_swamp_dense_foliage
Swamp:4:  swamp_basic_johnstein, layout_basic_swamp, swamp_pool4
Spider:1: layout_spider_delve
Spider:2: layout_spider_delve, ebering_ghost_inner_flame, uniq_aizul
Spider:3: nicolae_spider_mines_3, uniq_bai_suzhen
Spider:4: grunt_spider_rune_circles, uniq_arachne
Depths:1: minmay_bloctagon, layout_cave_pools, enter_ziggurat_e,
          pf_hell_entry_great_geh, nrook_kobold_shadow_demons
Depths:2: kennysheep_ambush_hall, layout_honeycomb, abyss_entry, serial_bayou,
          serial_bayou_ford_a, serial_bayou_lake_a, serial_bayou_pond_e,
          serial_bayou_pond_b, lightli_too_deep, grunt_pan_entry_zigzag,
          eino_curves_03
Depths:3: minmay_octagon_city, layout_cave_shapes, roderic_roman_lattice,
          pf_coc_iceberg, mu_enter_wizlab_1, abyss_entry, rand_demon_pan_entry_3
Depths:4: hangedman_arch_fort, layout_gridlike, rand_demon_pan_entry_9,
          nicolae_abyss_entry_one_way_or_another, hell_entry,
          infiniplex_staircase_zigzag_3, uniq_boris
Depths:5: grunt_zot_entry_alcove, layout_gridlike, grunt_decor_one_mirror,
          hellmouth_1, serial_shops, bzr_entry_customers,
          serial_sigils_hangedman_quiver, minivault_16, drop_trap,
          grunt_megastairs_4
Zot:1:    layout_concentric_octagons, st_stairs_1
Zot:2:    kennysheep_room_grid, layout_gridville
Zot:3:    layout_basic
Zot:4:    layout_onion, ebering_ghost_rock_garden, st_stairs_8
Zot:5:    layout_basic

Skill      XL: |  1  2  3  4  5  6  7  8  9 10 11 12 13 14 15 16 17 18 19 |
---------------+----------------------------------------------------------+-----
Fighting       | 3 4 5 6 7 8 9 10 11 12 13 14 15 16 17 | 17.1
Axes           | 3 5 6 7 8 10 11 12 13 14 15 16 17 18 | 18.0
Armour         | 4 5 6 7 8 9 10 11 12 13 14 | 14.8
Shields        | 4 7 9 11 13 14 16 17 | 17.1
Evocations     | 1 3 5 6 8 9 10 | 10.0
Invocations    | 1 3 5 6 8 9 10 11 12 13 14 15 | 15.0
Dodging        | 1 3 4 5 6 7 8 |  8.0

Action                   |  1- 3 |  4- 6 |  7- 9 | 10-12 | 13-15 | 16-18 | 19-21 || total
-------------------------+-------+-------+-------+-------+-------+-------+-------++-------
Melee: War axe           |    52 |    75 |   406 |   766 |       |       |       ||  1299
       Broad axe         |       |       |       |    72 |   997 |  1274 |   229 ||  2572
Invok: Lesser Servant of |       |       |       |    15 |     3 |     4 |       ||    22
       Greater Servant o |       |       |       |       |     4 |     6 |       ||    10
 Abil: Heal Wounds       |     1 |     1 |    12 |    25 |    28 |    33 |     8 ||   108
Evoke: Wand              |       |       |       |    10 |     5 |     1 |     1 ||    17
  Use: Scroll            |       |       |    17 |    10 |    16 |     8 |    11 ||    62
       Potion            |       |       |       |       |     1 |     4 |     7 ||    12
 Stab: Distracted        |       |       |       |     9 |     3 |     4 |       ||    16
       Confused          |       |       |       |       |     1 |       |       ||     1
       Held in net/web   |       |       |       |       |       |     2 |       ||     2
       Invisible         |       |       |       |       |       |     9 |    14 ||    23
Armor: Scale mail        |    22 |    22 |    71 |       |       |       |       ||   115
       Chain mail        |       |       |   140 |   439 |   415 |   650 |       ||  1644
       Plate armour      |       |       |       |    37 |   379 |       |       ||   416
       Storm dragon scal |       |       |       |       |       |   316 |     7 ||   323
       Gold dragon scale |       |       |       |       |       |       |   203 ||   203
Dodge: Dodged            |    18 |    16 |   147 |   355 |   449 |   638 |    66 ||  1689
Block: Kite shield       |    23 |    26 |   248 |   476 |   718 |   976 |   149 ||  2616
       Tower shield      |       |       |    32 |       |       |       |       ||    32

Table legend: (Time is in decaauts)
 A = Elapsed time spent in this place.
 B = Non-inter-level travel time spent in this place.
 C = Inter-level travel time spent in this place.
 D = Time resting spent in this place.
 E = Time spent auto-exploring this place.
 F = Levels seen in this place.
 G = Mean time per level.
                   A        B        C        D        E       F      G
               +--------+--------+--------+--------+--------+-----+--------+
         Total |  18499 |  16799 |   1700 |    294 |  10015 |  39 |  474.3 |
       Dungeon |  11009 |   9975 |   1034 |     73 |   6884 |  15 |  733.9 |
          Lair |   1928 |   1786 |    142 |      0 |   1427 |   3 |  642.7 |
         Swamp |   1185 |   1030 |    155 |     59 |    427 |   4 |  296.2 |
   Spider Nest |   1699 |   1452 |    247 |     18 |    469 |   4 |  424.8 |
        Depths |   1050 |   1045 |      5 |      0 |    420 |   5 |  210.0 |
           Zot |    587 |    472 |    115 |    129 |      0 |   5 |  117.4 |
         Abyss |    546 |    546 |      0 |     15 |    168 |   1 |  546.0 |
        Bazaar |    129 |    129 |      0 |      0 |     99 |   1 |  129.0 |
       Ossuary |    362 |    362 |      0 |      0 |    119 |   1 |  362.0 |
               +--------+--------+--------+--------+--------+-----+--------+

Top non-repeatable levels by time:
    D:14: 1162 daAuts
  Lair:3: 1136 daAuts
    D:15: 1132 daAuts
    D:12: 961 daAuts
    D:10: 959 daAuts
     D:5: 936 daAuts
    D:13: 882 daAuts
     D:6: 862 daAuts
     D:8: 791 daAuts
    D:11: 729 daAuts
  Lair:2: 720 daAuts
     D:4: 710 daAuts
     D:9: 702 daAuts
Spider:1: 648 daAuts
     D:7: 566 daAuts
